General information
- name: BNet
- type: Ladder team game (AT/RT)
- host: Battle.net
- saver: dogsandhorse.ru
map: Highperch
- players: 6
- length: 72:45
- speed: Fast
- version: 1.26 W3XP
- replay type:

» download(452 KB)
Players
team 1 (loser)
Gost (
pink | 35 APM | 2580 actions | 72:42)
9 Far Seer
3 Feral Spirit
3 Chain Lighting
3 Far Sight
1 Beastmaster
1 Summon Hawk
» actions
| Assign group hotkey | 56 | |
| Basic commands | 57 | |
| Build / train | 107 | |
| Enter build submenu | 39 | |
| Enter hero's abilities submenu | 8 | |
| Give item / drop item | 1 | |
| Remove unit from queue | 2 | |
| Right click | 886 | |
| Select / deselect | 641 | |
| Select group hotkey | 588 | |
| Use ability | 195 | |
2580 total
» units
| Peon | 15 | |
| Grunt | 6 | |
| Raider | 3 | |
| Shaman | 5 | |
| Demolisher | 5 | |
| Troll Batrider | 30 | |
64 total
» upgrades
| Berserker Strength | 1 | |
| Ensnare | 1 | |
| Shaman Training | 2 | |
| Liquid Fire | 1 | |
| Burning Oil | 1 | |
6 total
» buildings
| Altar of Storms | 1 | |
| Orc Burrow | 6 | |
| Barracks | 1 | |
| Voodoo Lounge | 2 | |
| Stronghold | 1 | |
| Fortress | 1 | |
| Spirit Lodge | 1 | |
| Beastiary | 2 | |
| War Mill | 1 | |
| Watch Tower | 23 | |
| Great Hall | 1 | |
40 total
» build order
00:04 Altar of Storms
00:11 Orc Burrow
00:39 Barracks
01:39 Voodoo Lounge
02:23 Orc Burrow
03:22 Stronghold
04:39 Orc Burrow
05:44 Fortress
05:49 Spirit Lodge
05:54 Beastiary
05:58 War Mill
07:47 Watch Tower
09:20 Orc Burrow
12:50 Watch Tower
13:11 Watch Tower
13:29 Beastiary
14:05 Watch Tower
14:21 Watch Tower
14:26 Watch Tower
14:27 Watch Tower
15:11 Voodoo Lounge
15:46 Watch Tower
16:21 Orc Burrow
16:22 Orc Burrow
16:36 Watch Tower
17:20 Watch Tower
17:49 Watch Tower
18:12 Watch Tower
18:53 Watch Tower
19:28 Watch Tower
20:12 Watch Tower
20:17 Watch Tower
24:14 Great Hall
30:14 Watch Tower
32:13 Watch Tower
33:41 Watch Tower
35:30 Watch Tower
36:43 Watch Tower
36:44 Watch Tower
36:45 Watch Tower
» items
| Lesser Clarity Potion | 2 | |
| Scroll of Regeneration | 1 | |
| Potion of Healing | 1 | |
| Healing Salve | 1 | |
| Boots of Speed | 1 | |
| Scroll of Healing | 1 | |
| Scroll of Town Portal | 1 | |
| Tome of Retraining | 2 | |
| Dust of Appearance | 1 | |
| Potion of Invisibility | 1 | |
12 total
Post (
blue | 50 APM | 3634 actions | 72:31)
5 Tauren Chieftain
2 Endurance Aura
3 Shockwave
» actions
| Assign group hotkey | 42 | |
| Basic commands | 10 | |
| Build / train | 96 | |
| Enter build submenu | 28 | |
| Enter hero's abilities submenu | 5 | |
| Give item / drop item | 5 | |
| Remove unit from queue | 2 | |
| Right click | 1764 | |
| Select / deselect | 1036 | |
| Select group hotkey | 556 | |
| Use ability | 90 | |
3634 total
» units
| Peon | 15 | |
| Wind Rider | 14 | |
| Troll Batrider | 5 | |
| Demolisher | 11 | |
| Troll Headhunter/Berserker | 11 | |
| Harpy Rogue | 1 | |
| Harpy Windwitch | 1 | |
| Centaur Outrunner | 1 | |
59 total
» upgrades
| Envenomed Spears | 1 | |
| Burning Oil | 1 | |
| Troll Regeneration | 1 | |
3 total
» buildings
| Altar of Storms | 1 | |
| Orc Burrow | 6 | |
| Voodoo Lounge | 1 | |
| War Mill | 2 | |
| Stronghold | 4 | |
| Beastiary | 4 | |
| Great Hall | 4 | |
| Watch Tower | 3 | |
| Fortress | 2 | |
| Barracks | 3 | |
30 total
» build order
00:05 Altar of Storms
00:10 Orc Burrow
00:41 Voodoo Lounge
01:29 War Mill
02:11 Stronghold
03:34 Orc Burrow
03:54 Orc Burrow
04:54 Beastiary
04:56 Beastiary
06:28 Beastiary
06:30 Beastiary
08:10 Great Hall
08:18 Watch Tower
09:26 Great Hall
11:15 Orc Burrow
11:16 Orc Burrow
12:52 Fortress
12:52 Fortress
15:23 Barracks
15:25 Barracks
15:27 Barracks
17:06 Watch Tower
17:07 Watch Tower
20:08 Stronghold
22:56 Great Hall
27:36 Orc Burrow
28:44 War Mill
29:42 Stronghold
38:45 Great Hall
» items
| Healing Salve | 1 | |
| Lesser Clarity Potion | 6 | |
| Scroll of Speed | 5 | |
| Boots of Speed | 1 | |
| Potion of Invisibility | 1 | |
| Orb of Lightning | 1 | |
| Potion of Healing | 1 | |
| Staff of Teleportation | 3 | |
19 total

»
wurdalak (
purple | 74 APM | 5344 actions | 72:35)
4 Archmage
1 Summon Water Elemental
2 Brilliance Aura
1 Blizzard
4 Mountain King
2 Storm Bolt
2 Bash
» actions
| Assign group hotkey | 116 | |
| Basic commands | 353 | |
| Build / train | 173 | |
| Enter build submenu | 32 | |
| Enter hero's abilities submenu | 10 | |
| Right click | 1357 | |
| Select / deselect | 953 | |
| Select group hotkey | 2160 | |
| Use ability | 190 | |
5344 total
» units
| Peasant | 11 | |
| Footman | 7 | |
| Rifleman | 7 | |
| Priest | 6 | |
| Spell Breaker | 1 | |
| Mortar Team | 52 | |
| Gryphon Rider | 6 | |
| Dragonhawk Rider | 12 | |
102 total
» upgrades
| Gunpowder | 2 | |
| Priest Training | 1 | |
| Armor | 3 | |
| Fragmentation Shards | 1 | |
| Masonry | 3 | |
| Flare | 1 | |
| Storm Hammers | 1 | |
| Cloud | 1 | |
| Swords | 3 | |
16 total
» buildings
| Altar of Kings | 1 | |
| Farm | 11 | |
| Barracks | 1 | |
| Arcane Vault | 1 | |
| Keep | 4 | |
| Blacksmith | 1 | |
| Scout Tower | 11 | |
| Arcane Tower | 1 | |
| Lumber Mill | 2 | |
| Arcane Sanctum | 2 | |
| Workshop | 1 | |
| Castle | 4 | |
| Guard Tower | 8 | |
| Town Hall | 1 | |
| Gryphon Aviary | 4 | |
53 total
» build order
00:10 Altar of Kings
00:15 Farm
00:25 Barracks
00:49 Farm
01:34 Farm
01:48 Arcane Vault
02:57 Keep
02:57 Keep
02:58 Keep
03:37 Blacksmith
03:42 Scout Tower
04:14 Arcane Tower
04:22 Lumber Mill
04:25 Farm
05:07 Farm
05:35 Arcane Sanctum
06:10 Arcane Sanctum
06:36 Workshop
07:01 Farm
07:28 Farm
10:24 Farm
11:10 Farm
17:44 Castle
17:44 Castle
17:44 Castle
18:06 Farm
19:25 Scout Tower
19:28 Scout Tower
19:30 Scout Tower
19:32 Scout Tower
20:20 Lumber Mill
20:52 Guard Tower
20:52 Guard Tower
20:53 Guard Tower
21:04 Guard Tower
21:50 Guard Tower
21:51 Guard Tower
40:32 Scout Tower
40:33 Scout Tower
40:33 Scout Tower
40:33 Scout Tower
40:34 Scout Tower
40:34 Scout Tower
42:12 Guard Tower
48:33 Town Hall
53:29 Gryphon Aviary
53:51 Gryphon Aviary
54:58 Gryphon Aviary
55:20 Gryphon Aviary
57:14 Farm
» items
| Scroll of Regeneration | 3 | |
| Potion of Healing | 1 | |
| Dust of Appearance | 3 | |
| Potion of Lesser Invulnerability | 1 | |
8 total
team 2 (winner)
Birdeneering (
orange | 89 APM | 6489 actions | 72:43)
6 Mountain King
3 Storm Bolt
3 Bash
4 Paladin
2 Holy Light
2 Divine Shield
4 Archmage
2 Brilliance Aura
2 Blizzard
» actions
| Assign group hotkey | 472 | |
| Basic commands | 115 | |
| Build / train | 144 | |
| Enter build submenu | 116 | |
| Enter hero's abilities submenu | 14 | |
| Give item / drop item | 10 | |
| Remove unit from queue | 1 | |
| Right click | 3160 | |
| Select / deselect | 761 | |
| Select group hotkey | 1318 | |
| Use ability | 378 | |
6489 total
» units
| Peasant | 24 | |
| Dragonhawk Rider | 15 | |
39 total
» upgrades
| Masonry | 3 | |
| Magic Sentry | 1 | |
| Lumber Harvesting | 2 | |
| Swords | 3 | |
| Armor | 3 | |
| Cloud | 1 | |
| Animal War Training | 1 | |
14 total
» buildings
| Altar of Kings | 1 | |
| Farm | 9 | |
| Lumber Mill | 2 | |
| Scout Tower | 104 | |
| Arcane Tower | 7 | |
| Guard Tower | 42 | |
| Keep | 1 | |
| Arcane Vault | 4 | |
| Arcane Sanctum | 1 | |
| Town Hall | 1 | |
| Castle | 1 | |
| Gryphon Aviary | 1 | |
| Barracks | 1 | |
| Blacksmith | 2 | |
177 total
» build order
00:07 Altar of Kings
00:33 Farm
00:49 Lumber Mill
00:53 Lumber Mill
00:58 Farm
01:35 Scout Tower
01:51 Scout Tower
01:58 Farm
02:01 Arcane Tower
02:02 Scout Tower
02:23 Scout Tower
02:27 Guard Tower
02:30 Scout Tower
02:37 Guard Tower
04:16 Guard Tower
04:17 Scout Tower
04:18 Scout Tower
04:42 Keep
04:57 Guard Tower
04:58 Scout Tower
04:59 Scout Tower
05:33 Guard Tower
05:35 Scout Tower
05:37 Arcane Vault
06:02 Scout Tower
06:04 Scout Tower
06:05 Scout Tower
06:08 Scout Tower
06:08 Scout Tower
06:12 Scout Tower
06:14 Guard Tower
06:16 Scout Tower
06:17 Scout Tower
06:40 Scout Tower
06:41 Scout Tower
06:41 Scout Tower
06:45 Scout Tower
06:46 Guard Tower
06:54 Scout Tower
07:04 Guard Tower
07:08 Farm
07:13 Arcane Sanctum
07:36 Guard Tower
07:38 Guard Tower
07:45 Guard Tower
07:45 Guard Tower
07:50 Scout Tower
08:17 Guard Tower
08:19 Scout Tower
08:46 Guard Tower
08:52 Scout Tower
08:53 Scout Tower
08:58 Guard Tower
09:03 Guard Tower
09:04 Scout Tower
09:42 Town Hall
09:49 Scout Tower
09:49 Scout Tower
09:52 Scout Tower
09:53 Scout Tower
10:05 Guard Tower
10:06 Guard Tower
11:11 Arcane Vault
11:40 Castle
11:43 Scout Tower
12:48 Scout Tower
12:50 Scout Tower
12:52 Scout Tower
12:58 Guard Tower
13:10 Arcane Vault
13:12 Arcane Vault
13:29 Guard Tower
14:15 Guard Tower
14:17 Scout Tower
14:19 Scout Tower
14:25 Scout Tower
14:27 Scout Tower
14:28 Scout Tower
14:29 Scout Tower
14:30 Scout Tower
14:31 Scout Tower
14:32 Scout Tower
15:01 Guard Tower
15:04 Scout Tower
15:49 Guard Tower
16:11 Scout Tower
16:13 Guard Tower
16:15 Scout Tower
16:20 Gryphon Aviary
16:23 Barracks
16:24 Blacksmith
16:55 Arcane Tower
16:57 Scout Tower
16:58 Scout Tower
17:00 Guard Tower
17:04 Scout Tower
17:05 Scout Tower
17:06 Scout Tower
17:07 Scout Tower
17:08 Scout Tower
17:50 Scout Tower
17:53 Scout Tower
17:55 Scout Tower
17:55 Guard Tower
17:59 Scout Tower
18:00 Scout Tower
18:01 Scout Tower
18:01 Scout Tower
18:02 Scout Tower
18:02 Scout Tower
18:45 Guard Tower
18:46 Scout Tower
19:16 Scout Tower
19:31 Blacksmith
19:52 Guard Tower
19:55 Scout Tower
20:45 Guard Tower
20:50 Scout Tower
20:51 Scout Tower
20:52 Scout Tower
21:57 Guard Tower
24:10 Guard Tower
24:13 Scout Tower
24:16 Scout Tower
24:17 Scout Tower
24:20 Guard Tower
24:23 Farm
24:23 Farm
24:47 Guard Tower
24:50 Farm
24:50 Farm
25:16 Guard Tower
25:56 Farm
28:31 Scout Tower
28:32 Scout Tower
28:34 Scout Tower
28:39 Scout Tower
28:40 Scout Tower
28:43 Scout Tower
28:45 Scout Tower
28:49 Scout Tower
28:50 Scout Tower
29:00 Scout Tower
29:04 Scout Tower
29:18 Scout Tower
29:19 Guard Tower
29:26 Scout Tower
29:26 Scout Tower
29:40 Guard Tower
29:42 Scout Tower
30:25 Guard Tower
30:32 Scout Tower
30:33 Scout Tower
31:06 Scout Tower
31:08 Scout Tower
31:11 Scout Tower
31:16 Scout Tower
31:20 Scout Tower
31:21 Scout Tower
31:21 Scout Tower
31:37 Scout Tower
31:40 Scout Tower
31:40 Scout Tower
32:20 Guard Tower
32:28 Arcane Tower
32:29 Arcane Tower
33:50 Guard Tower
33:54 Guard Tower
33:57 Guard Tower
34:02 Scout Tower
34:02 Scout Tower
34:06 Scout Tower
34:10 Scout Tower
35:27 Arcane Tower
35:45 Arcane Tower
» items
| Scroll of Regeneration | 2 | |
| Scroll of Town Portal | 3 | |
| Lesser Clarity Potion | 7 | |
| Orb of Venom | 1 | |
| Staff of Sanctuary | 3 | |
| Orb of Lightning | 2 | |
| Healing Salve | 3 | |
| Staff of Teleportation | 1 | |
22 total
dogsandhorse.ru (
yellow | 80 APM | 5808 actions | 72:45)
9 Blademaster
3 Wind Walk
3 Critical Strike
1 Bladestorm
2 Mirror Image
» actions
| Assign group hotkey | 19 | |
| Basic commands | 16 | |
| Build / train | 105 | |
| Enter build submenu | 58 | |
| Enter hero's abilities submenu | 9 | |
| Give item / drop item | 9 | |
| Remove unit from queue | 11 | |
| Right click | 4198 | |
| Select / deselect | 606 | |
| Select group hotkey | 465 | |
| Use ability | 310 | |
5808 total
» units
| Peon | 9 | |
| Troll Batrider | 23 | |
| Shaman | 2 | |
| Troll Witch Doctor | 1 | |
| Spirit Walker | 1 | |
| Kodo Beast | 1 | |
| Wind Rider | -1 | |
36 total
» upgrades
| Ranged Weapons | 3 | |
| Liquid Fire | 1 | |
| Armor | 2 | |
| Envenomed Spears | 1 | |
| Shaman Training | 2 | |
| Witch Doctor Training | 2 | |
| Spirit Walker Training | 2 | |
| War Drums Damage Increase | 1 | |
14 total
» buildings
| Altar of Storms | 2 | |
| Orc Burrow | 10 | |
| War Mill | 1 | |
| Watch Tower | 35 | |
| Voodoo Lounge | 2 | |
| Stronghold | 1 | |
| Beastiary | 3 | |
| Fortress | 1 | |
| Spirit Lodge | 1 | |
56 total
» build order
00:08 Altar of Storms
00:18 Orc Burrow
00:36 War Mill
01:54 Watch Tower
01:56 Watch Tower
02:23 Voodoo Lounge
02:44 Watch Tower
02:46 Watch Tower
03:23 Watch Tower
04:16 Stronghold
04:20 Watch Tower
04:23 Watch Tower
04:54 Watch Tower
05:30 Watch Tower
05:32 Watch Tower
05:42 Orc Burrow
05:44 Orc Burrow
06:18 Watch Tower
06:19 Watch Tower
06:21 Watch Tower
06:33 Watch Tower
06:34 Watch Tower
06:43 Beastiary
06:54 Beastiary
07:25 Voodoo Lounge
07:57 Watch Tower
08:51 Watch Tower
08:54 Orc Burrow
09:09 Watch Tower
09:10 Watch Tower
09:11 Watch Tower
09:12 Watch Tower
10:01 Fortress
10:15 Watch Tower
10:16 Watch Tower
10:34 Watch Tower
10:36 Watch Tower
11:55 Watch Tower
13:18 Watch Tower
13:19 Watch Tower
13:22 Watch Tower
14:36 Watch Tower
15:26 Watch Tower
19:02 Watch Tower
19:02 Watch Tower
19:05 Watch Tower
21:51 Watch Tower
24:19 Orc Burrow
24:20 Orc Burrow
24:20 Orc Burrow
24:21 Orc Burrow
24:21 Orc Burrow
24:28 Beastiary
25:42 Spirit Lodge
25:57 Orc Burrow
27:47 Altar of Storms
» items
| Boots of Speed | 1 | |
| Staff of Teleportation | 6 | |
| Healing Salve | 6 | |
| Lesser Clarity Potion | 12 | |
| Orb of Lightning | 1 | |
26 total
nutsonyochin.DE (
red | 73 APM | 5306 actions | 72:43)
6 Warden
3 Shadow Strike
3 Blink
» actions
| Assign group hotkey | 21 | |
| Basic commands | 75 | |
| Build / train | 122 | |
| ESC pressed | 11 | |
| Enter build submenu | 26 | |
| Enter hero's abilities submenu | 7 | |
| Give item / drop item | 5 | |
| Right click | 3222 | |
| Select / deselect | 426 | |
| Select group hotkey | 1064 | |
| Use ability | 326 | |
5306 total
» units
| Wisp | 26 | |
| Druid of the Talon | 33 | |
| Druid of the Claw | 1 | |
| Dryad | 21 | |
81 total
» upgrades
| Ultravision | 1 | |
| Well Spring | 1 | |
| Strength of the Wild | 3 | |
| Reinforced Hides | 3 | |
| Druid of the Talon Training | 2 | |
| Abolish Magic | 1 | |
| Druid of the Claw Training | 2 | |
| Mark of the Claw | 1 | |
| Mark of the Talon | 1 | |
15 total
» buildings
| Altar of Elders | 1 | |
| Moon Well | 20 | |
| Tree of Ages | 1 | |
| Tree of Life | 1 | |
| Tree of Eternity | 1 | |
| Hunter's Hall | 1 | |
| Ancient of Wonders | 1 | |
| Ancient of Wind | 1 | |
| Ancient of Lore | 2 | |
29 total
» build order
00:22 Altar of Elders
00:28 Moon Well
01:44 Moon Well
01:51 Moon Well
03:29 Moon Well
03:30 Moon Well
03:34 Moon Well
03:34 Moon Well
04:11 Tree of Ages
05:40 Tree of Life
07:48 Tree of Eternity
08:22 Hunter's Hall
08:24 Ancient of Wonders
10:16 Moon Well
10:16 Moon Well
10:23 Moon Well
10:24 Moon Well
14:13 Moon Well
14:14 Moon Well
14:15 Moon Well
14:16 Moon Well
16:04 Ancient of Wind
16:09 Ancient of Lore
27:18 Ancient of Lore
31:16 Moon Well
31:17 Moon Well
33:08 Moon Well
33:23 Moon Well
35:23 Moon Well
» items
| Boots of Speed | 5 | |
| Orb of Venom | 1 | |
| Healing Salve | 1 | |
| Lesser Clarity Potion | 3 | |
| Tiny Great Hall | 1 | |
| Scroll of Town Portal | 1 | |
| Staff of Teleportation | 1 | |
13 total
Chat log
(09:28 / All) dogsandhorse.ru: thanks!
(15:12 / All) dogsandhorse.ru: lol
(15:13 / All) dogsandhorse.ru: blue
(15:15 / All) dogsandhorse.ru: towers don't move. . ..
(15:21 / All) dogsandhorse.ru: don't walk into them and y ou don't die...
(19:54 / All) dogsandhorse.ru: lol
(24:26 / All) Post: GBLFHS
(24:30 / All) dogsandhorse.ru: english please
(24:31 / All) Post: ПИДАРАСЫ
(24:34 / All) dogsandhorse.ru: ))
(24:48 / All) Post: ))
(28:11 / All) Post: ГО
(28:14 / All) dogsandhorse.ru: ((
(28:47 / All) Birdeneering: u hack??
(29:45 / All) Gost: from?
(29:49 / All) dogsandhorse.ru: canada
(30:03 / All) Gost: gg canada
(30:06 / All) dogsandhorse.ru: ???
(32:00 / All) Gost: нетопырок
(32:04 / All) dogsandhorse.ru: ENGLISJH
(32:14 / All) Post: СОСА УРОЛДЫ
(32:24 / All) dogsandhorse.ru: LOL
(32:30 / All) dogsandhorse.ru: can't put pink guys in blue burrow, lmao
(33:14 / All) Gost: blue what?
(35:30 / All) Birdeneering: fun to play
(35:32 / All) Birdeneering: with hacks??
(35:34 / All) dogsandhorse.ru: fuck u
(35:35 / All) dogsandhorse.ru: forever
(35:36 / All) Gost: no
(35:39 / All) Gost: gossy
(35:46 / All) Post: МЫ ГОССУ
(37:34 / All) Birdeneering: think u have skill?
(37:36 / All) Birdeneering: mass siege noob?
(37:55 / All) dogsandhorse.ru: bg.....bad game ((((((((((((((
(38:07 / All) Birdeneering: stop
(38:08 / All) Birdeneering: don't kill
(38:09 / All) Birdeneering: last
(38:09 / All) Birdeneering: Hall
(38:13 / All) dogsandhorse.ru: wtf...
(38:43 / All) nutsonyochin.DE: fuck uhj
(38:44 / All) nutsonyochin.DE: fuck uj
(39:14 / All) dogsandhorse.ru: damn.
(39:24 / All) nutsonyochin.DE: fuck u trashy noobs
(41:20 / All) nutsonyochin.DE: fuck u
(41:21 / All) nutsonyochin.DE: FUCK U
(41:24 / All) Gost: LOL
(41:26 / All) wurdalak: )
(41:28 / All) nutsonyochin.DE: FUCK U
(41:29 / All) nutsonyochin.DE: FCUK U
(41:31 / All) Post: LJL
(41:32 / All) nutsonyochin.DE: FUCK U
(41:33 / All) nutsonyochin.DE: FUCK U
(41:35 / All) nutsonyochin.DE: FUCK U
(41:36 / All) nutsonyochin.DE: FUCK U
(41:37 / All) nutsonyochin.DE: FUCK U
(41:38 / All) nutsonyochin.DE: FUCK U
(41:40 / All) nutsonyochin.DE: FUCK U
(41:41 / All) nutsonyochin.DE: FUCK U
(41:41 / All) wurdalak: noobs
(41:42 / All) nutsonyochin.DE: TRTASH
(41:43 / All) nutsonyochin.DE: TRASH
(41:44 / All) nutsonyochin.DE: NOOB
(41:45 / All) nutsonyochin.DE: NOOB
(41:46 / All) nutsonyochin.DE: FUCK U
(41:50 / All) dogsandhorse.ru: woa.../...
(41:52 / All) nutsonyochin.DE: LOL!!!
(41:53 / All) nutsonyochin.DE: LOL
(41:54 / All) nutsonyochin.DE: LO
(41:55 / All) dogsandhorse.ru: ghehehehe
(41:58 / Allies) nutsonyochin.DE: LOL THAT WAS YM LAST TREE
(41:59 / All) Post: LOL
(42:02 / All) nutsonyochin.DE: LOL THAT WAS MY LAST TREE
(42:06 / All) nutsonyochin.DE: ahhahahahahahhahahhahahahah
(42:13 / All) nutsonyochin.DE: ahahahah what a bug!!! i dont loose!!
(43:18 / All) Gost: noob&)
(43:20 / All) Gost: ?
(43:22 / All) nutsonyochin.DE: fuck u
(43:22 / All) dogsandhorse.ru: how did u know
(43:24 / All) dogsandhorse.ru: it was me
(43:56 / All) nutsonyochin.DE: seriously...wtf is happening i cant see anything lol
(44:12 / All) Birdeneering: hackers?
(44:23 / All) nutsonyochin.DE: wtf is this...
(44:28 / All) nutsonyochin.DE: this just appeare to me ?
(44:29 / All) Birdeneering: how did you move
(44:32 / All) Birdeneering: our base up here
(44:37 / All) dogsandhorse.ru: cool
(44:38 / All) nutsonyochin.DE: wtf......
(44:41 / All) Gost: нихуя)))))))))))))))
(44:48 / All) Post: НИ ХУЯ
(44:54 / All) Gost: нетопырок!!!!!!!!!!!!!
(45:10 / All) Post: ЭТО ГГ
(45:21 / All) nutsonyochin.DE: u read article of "CLAN TOWA" in moscow times, da?
(45:23 / All) Gost: ахуеть))))))))))))))
(45:45 / All) Post: КАК ОНИ ТУДА ПОПАЛИ?
(45:49 / All) dogsandhorse.ru: ENGLISH
(45:51 / All) Birdeneering: spend your gold wisely
(45:57 / All) nutsonyochin.DE: st. petersburg gazette maybe
(46:05 / All) Birdeneering: can your artillery reach???
(46:20 / All) Post: Я В ШОКЕ
(46:25 / All) Birdeneering: if not, maybe you should not build it
(46:31 / All) Post: ВПЕРВЫЕ ТАКОЕ ВИЖУ
(46:38 / All) dogsandhorse.ru: ENGLISH ONLY )))))))))))))))
(46:43 / All) nutsonyochin.DE: ))))))
(46:56 / All) Post: LOL
(46:59 / All) Gost: LOL!!!!))))
(47:23 / All) Post: ХЗ
(47:31 / Allies) dogsandhorse.ru: we can't read your chat .. . . .
(47:33 / All) dogsandhorse.ru: we can
(47:35 / All) dogsandhorse.ru: 't
(47:36 / All) dogsandhorse.ru: read
(47:37 / All) dogsandhorse.ru: your
(47:37 / All) dogsandhorse.ru: chat
(47:40 / All) Post: ДЕЛАЕМ ВОЗДУХ
(48:02 / All) Gost: надо нетопырей воздушных хуярить
(48:35 / All) Birdeneering: blue
(48:38 / All) Birdeneering: you here?
(48:49 / All) Birdeneering: Post
(48:50 / All) Birdeneering: blue
(48:51 / All) Birdeneering: Post
(48:53 / All) Gost: here это что?
(48:57 / All) Birdeneering: you are pink
(49:00 / All) Birdeneering: I need to talk to blue
(49:16 / All) Birdeneering: post
(49:17 / All) Birdeneering: Post
(49:19 / All) Birdeneering: talk to me
(49:22 / All) Post: ???
(49:26 / All) Birdeneering: good!
(49:30 / All) nutsonyochin.DE: where u from
(49:33 / All) Birdeneering: I'll leave the game
(49:34 / All) Birdeneering: if u answer
(49:38 / All) Birdeneering: why did you build your war mill
(49:38 / All) Post: rus
(49:43 / All) Birdeneering: on right side of map
(49:44 / All) Birdeneering: a war mill
(49:46 / All) Birdeneering: why???
(50:06 / All) nutsonyochin.DE: das ware mille
(50:23 / All) nutsonyochin.DE: remembere when me ger beat u rus in World War
(50:40 / All) Birdeneering: have you russkies ever heard of "upkeep"`?
(51:09 / All) nutsonyochin.DE: they never learn their lesson from "MIRACLE ON ICE" when usa with less gold mines made more gold because no upkeep...
(52:07 / All) Post: пиздец как так
(52:10 / All) Gost: надо нычку держать пока время есть
(52:13 / All) nutsonyochin.DE: english or ger please
(52:16 / All) nutsonyochin.DE: deutschland
(53:49 / All) Post: так
(53:50 / All) Gost: там и фонтан
(54:08 / All) Birdeneering: cool
(54:10 / All) Birdeneering: do it again!!
(54:26 / All) Post: если они попали туда значит мы можем попасть на другой фантан
(54:27 / All) Gost: Gost forever
(54:47 / All) Birdeneering: how old are oyu
(54:50 / All) nutsonyochin.DE: you born in chernobyl ??
(54:51 / All) Post: давайте пытаться
(54:59 / All) dogsandhorse.ru: LISTEN
(55:01 / All) dogsandhorse.ru: WHEN YOU TYPE
(55:03 / All) dogsandhorse.ru: IN CYRILLIC
(55:06 / All) dogsandhorse.ru: WE CAN'T EVEN SEE IT
(55:11 / All) Gost: а толку?
(55:23 / All) Gost: денег мне
(55:36 / All) nutsonyochin.DE: type ger or english plEASE!!!!!!!!!!
(55:44 / All) nutsonyochin.DE:
(55:45 / All) nutsonyochin.DE:
(55:46 / All) nutsonyochin.DE:
(55:47 / All) nutsonyochin.DE:
(55:54 / All) nutsonyochin.DE: that what i see when you type rus.
(55:56 / All) nutsonyochin.DE:
(55:56 / All) nutsonyochin.DE:
(55:57 / All) nutsonyochin.DE:
(55:58 / All) nutsonyochin.DE:
(55:58 / All) nutsonyochin.DE:
(56:29 / All) dogsandhorse.ru: lol!
(58:29 / All) Post: что
(59:12 / All) Gost: у меня паника начинается
(59:15 / All) Birdeneering: wurdalak
(59:19 / All) Birdeneering: look at top right
(59:20 / All) Post: саня взорви оостальных гарпий
(59:23 / All) Birdeneering: the yellow text
(59:32 / All) Gost: неееее
(59:35 / All) nutsonyochin.DE:
(59:41 / All) nutsonyochin.DE: (((
(59:45 / All) Birdeneering: Look, when you type in cyrillic I can't see it because my mother had a BAC below 0.3 at some point
(59:47 / All) Gost: их нрифонами перебить лучше уже
(59:50 / All) Birdeneering: stop
(60:22 / All) Post: стой
(60:33 / All) Gost: хитер бобоер)))
(60:49 / All) Gost: денег)
(60:59 / All) Post: и мне
(61:22 / All) Gost: надо бэма поймать и навалять уже
(61:54 / All) Post: мы проебали
(62:24 / All) nutsonyochin.DE: from ? ? ? ? ? ? ? ? ? ? ? ? ? ? ? ? ?
(62:24 / All) Gost: полечу взрывать
(62:25 / All) Post: саня
(62:35 / All) Birdeneering: if you made only 1 gryphon aviary you would have more gryphons... a paradox
(63:13 / All) Gost: денег
(63:13 / All) Post: денег
(63:25 / All) Post: надо бма поймать
(63:47 / All) Gost: тц пойди просветку купи и пойдем
(63:59 / All) Post: денег
(65:02 / All) Gost: денег)
(65:20 / All) Post: вурд ты тут?
(65:28 / All) dogsandhorse.ru: english you second world scum
(65:43 / All) Post: дай денег
(66:16 / All) Gost: на пушки не лез тока
(66:32 / All) Post: сломай одну пушку
(67:17 / All) Gost: не лез
(67:32 / All) dogsandhorse.ru: lol
(67:35 / All) dogsandhorse.ru: canada #2
(67:38 / All) dogsandhorse.ru: usa #1
(67:42 / All) dogsandhorse.ru: russia #93?
(67:54 / All) Post: аааа
(68:00 / All) Gost: GG ребят))))))
(68:01 / All) Post: я понял
(68:09 / All) Post: талоны
(68:25 / All) Post: они же садятся
(68:49 / All) Post: и они тп героями на них делали
(69:51 / All) Post: слыш
(70:28 / All) Post: репку сохраните и посмотрите
(70:37 / All) Gost: денег надо 170\
(71:27 / All) Post: gg
(72:19 / All) Gost: все гг(